 Dungeon Crawl Stone Soup version 0.26-a0-540-g8a0c9464d7 (webtiles) character file.

Game seed: 17910976696659848782

1817 holomanga the Magician (level 8, 0/66 HPs)
             Began as a Green Draconian Hedge Wizard on Aug 19, 2020.
             Was a Believer of Vehumet.
             Slain by an orc warrior
             ... wielding a +0 battleaxe
              (22 damage)
             ... on level 6 of the Dungeon.
             The game lasted 00:35:55 (10815 turns).

holomanga the Magician (DrWz)                      Turns: 10815, Time: 00:35:57

Health: 0/66       AC:  6    Str: 12    XL:     8   Next: 85%
Magic:  8/17       EV: 11    Int: 17    God:    Vehumet [**....]
Gold:   571        SH:  0    Dex: 11    Spells: 13/19 levels left

rFire    . . .     SeeInvis +   e - +3 dagger (drain)
rCold    . . .     Faith    .   (no shield)
rNeg     . . .     Spirit   .   (armour unavailable)
rPois    +         Reflect  .   b - +0 hat
rElec    .         Harm     .   (no cloak)
rCorr    .                      (no gloves)
MR       .....                  (no boots)
Stlth    +.........             (no amulet)
HPRegen  0.21/turn              o - ring of see invisible
MPRegen  0.15/turn              (no ring)

@: very slightly contaminated, drained
A: breathe noxious fumes, unfitting armour, poison resistance, cold-blooded, AC
+6
a: Breathe Noxious Fumes, Renounce Religion


You were on level 6 of the Dungeon.
You worshipped Vehumet.
Vehumet was pleased with you.
You visited 2 branches of the dungeon, and saw 8 of its levels.

You collected 571 gold pieces.

Inventory:

Hand Weapons
 a - a +1 dagger
 e - a +3 dagger of draining (weapon)
Armour
 b - a +0 hat (worn)
Jewellery
 o - a ring of see invisible (left hand)
Wands
 g - a wand of random effects (13)
 l - a wand of flame (19)
 p - a wand of disintegration (7)
 q - a wand of acid (8)
Scrolls
 c - 2 scrolls of enchant armour {unknown}
 d - a scroll of amnesia
 f - a scroll of blinking
 k - 2 scrolls of teleportation
 m - a scroll of remove curse
 s - a scroll of magic mapping
Potions
 h - 3 potions of curing
 i - 2 potions of haste {unknown}
 j - a potion of stabbing {unknown}
 r - a potion of might {unknown}


   Skills:
 + Level 3.8(2.7) Fighting
 - Level 1.7(0.7) Dodging
 - Level 1.8(0.8) Stealth
 + Level 6.2(5.0) Spellcasting
 + Level 5.5(4.4) Conjurations
   Level 1.0(0.0) Summonings
 - Level 3.4(2.4) Translocations
 + Level 4.1(3.0) Air Magic
 + Level 5.0(3.9) Poison Magic


You had 13 spell levels left.
You knew the following spells:

 Your Spells              Type           Power        Failure   Level
a - Magic Dart            Conj           ###.         2%          1
b - Blink                 Tloc           N/A          8%          2
c - Mephitic Cloud        Conj/Pois/Air  ###.....     9%          3

Your spell library contained the following spells:

 Spells                   Type           Power        Failure   Level
 Freeze                   Ice            #...         14%         1
 Conjure Flame            Conj/Fire      ##......     17%         3
 Call Imp                 Summ           #.......     22%         2
 Slow                     Hex            #.......     22%         2


Dungeon Overview and Level Annotations

Branches:
Dungeon (7/15)             Temple (1/1) D:4

Altars:
Ashenzari
Cheibriados
Dithmenos
Elyvilon
Fedhas
Gozag
Hepliaklqana
Kikubaaqudgha
Makhleb
Qazlal
Ru
Sif Muna
Uskayaw
Vehumet
Wu Jian
Xom
Yredelemnul
Zin
The Shining One

Shops:
D:4 (


Innate Abilities, Weirdness & Mutations

You can breathe blasts of noxious fumes.
Your lurid green scales are hard. (AC +6)
You cannot fit into any form of body armour.
Your system is resistant to poisons. (rPois)
You are cold-blooded and may be slowed by cold attacks.


Message History

You climb upwards.
There is a stone staircase leading down here.
You barely miss the orc warrior.
The orc warrior is lightly wounded.
The orc warrior hits you with a +0 battleaxe!!
* * * LOW HITPOINT WARNING * * *
Things that are here:
a +1 dagger of draining; an orc corpse The orc warrior barely misses you.
The orc warrior hits you with a +0 battleaxe!
Casting: Magic Dart (safe; 2% risk of failure)
Confirm with . or Enter, or press ? or * to list all spells.
Aiming: Mephitic Cloud (dangerous; 9% risk of failure)
Press: ? - help, Shift-Dir - straight line, f - orc warrior
Aim: an orc warrior, wielding a +0 battleaxe and wearing a +0 chain mail You miscast Mephitic Cloud.
You are very lightly contaminated with residual magic.
Nothing appears to happen.
The orc warrior hits you with a +0 battleaxe!!
You die...

#..# #..# #.# #..#
##.# #.# #..#### #.#
#.# #.....#####)# #.#
#...........# #.#
#####.#####.# #.#
######.## ##.# #.#
#...#...###..######.#
#.#.@....##......)..#
#..o#....##.#########
##.###.#.....<.......
#.# #.####.########.
#.# #.# #..........
#.# #.# ##########.
#.# #.# #) #.###.#
##. #..##.# #..


You could see an orc warrior.

Vanquished Creatures
  Sigmund (D:4)
  Eustachio (D:4)
  A sky beast (D:6)
  An ogre (D:6)
  2 centaurs
  3 bullfrogs (D:6)
  2 scorpions
  A hound (D:6)
  A bullfrog skeleton (D:4)
  A bullfrog zombie (D:6)
  2 jellies
  5 orc priests
  7 orc wizards
  2 iguanas
  3 worker ants
  A killer bee zombie (D:6)
  A hound skeleton (D:4)
  A worker ant zombie (D:6)
  3 gnolls (D:3)
  7 adders
  A shadow imp (D:7)
  2 white imps (D:6)
  An adder skeleton (D:4)
  5 worms
  8 leopard geckos
  12 orcs
  8 bats
  10 giant cockroaches
  9 goblins
  4 hobgoblins
  9 jackals
  3 kobolds
  3 quokkas
  9 frilled lizards
  A giant cockroach zombie (D:5)
  A leopard gecko skeleton (D:5)
  6 rats
138 creatures vanquished.

Notes
Turn   | Place    | Note
-------+----------+-------------------------------------------
     0 | D:1      | holomanga the Draconian Hedge Wizard began the quest for
                  | the Orb.
     0 | D:1      | Reached XP level 1. HP: 14/14 MP: 4/4
   155 | D:1      | Reached XP level 2. HP: 8/20 MP: 0/6
  1090 | D:1      | Learned a level 2 spell: Blink
  1157 | D:1      | Reached XP level 3. HP: 26/26 MP: 1/8
  1861 | D:2      | Found a sacrificial altar of Ru.
  1958 | D:2      | Found an opulent altar of Gozag.
  2397 | D:3      | Reached skill level 4 in Spellcasting
  2689 | D:3      | Reached XP level 4. HP: 29/33 MP: 0/10
  3350 | D:2      | You fall into a shaft and drop 2 floors!
  3558 | D:4      | Reached XP level 5. HP: 26/38 MP: 1/11
  3655 | D:4      | Found Best's Antique Weapon Shoppe.
  3709 | D:4      | Found a staircase to the Ecumenical Temple.
  3754 | Temple   | Entered the Ecumenical Temple
  3944 | Temple   | Became a worshipper of Vehumet
  3969 | Temple   | Learned a level 3 spell: Mephitic Cloud
  5068 | D:4      | Noticed Sigmund
  5078 | D:4      | Noticed Eustachio
  5304 | D:4      | Killed Eustachio
  5304 | D:4      | Reached skill level 1 in Air Magic
  5304 | D:4      | Reached skill level 1 in Poison Magic
  5304 | D:4      | Reached XP level 6. HP: 28/45 MP: 1/13
  5427 | D:4      | Killed Sigmund
  5427 | D:4      | Reached skill level 5 in Spellcasting
  5427 | D:4      | Your scales start taking on a lurid green colour.
  5427 | D:4      | Reached XP level 7. HP: 46/50 MP: 1/14
  5427 | D:4      | Gained mutation: Your system is resistant to poisons.
                  | (rPois) [Green Draconian growth]
  5614 | D:4      | Reached * piety under Vehumet
  5614 | D:4      | Offered knowledge of Shock by Vehumet.
  6323 | D:5      | Entered Level 5 of the Dungeon
  7183 | D:5      | Reached skill level 1 in Fighting
  8047 | D:5      | Found a shimmering altar of Xom.
  8412 | D:5      | Noticed an angel
  8415 | D:5      | Found a glowing silver altar of Zin.
  8502 | D:5      | Found a shimmering blue altar of Sif Muna.
  8509 | D:5      | Reached XP level 8. HP: 61/61 MP: 13/16
  9265 | D:6      | Reached skill level 5 in Conjurations
  9552 | D:6      | Reached ** piety under Vehumet
  9552 | D:6      | Offered knowledge of Freeze by Vehumet.
  9831 | D:6      | Reached skill level 6 in Spellcasting
 10715 | D:7      | Reached skill level 5 in Poison Magic
 10815 | D:6      | Slain by an orc warrior

Illustrated notes

Levels and vault maps discovered:
D:1:      onia_arrival_pyramid, layout_loops_ring
D:2:      layout_loops_ring, marbit_many_paths, minmay_stone_trees_large,
          chequers_big_river, nicolae_gozag_cash_rules_everything_around_me
D:3:      layout_basic
D:4:      layout_layer_cave, minmay_temple_entry_proselytizer, serial_shops,
          shop, uniq_eustachio, uniq_sigmund
D:5:      layout_gridville, grunt_temple_overflow_order_and_chaos_1,
          led_sif_book
D:6:      minmay_evil_eye, layout_loops_ring
D:7:      layout_loops_ring, trog_eyes_of_draining,
          lemuel_coloured_pillars_altar, hellmonk_ghost_happy_afterlife,
          basic_altar
Temple:   regret_index_temple_waves

Skill      XL: |  1  2  3  4  5  6  7  8 |
---------------+-------------------------+-----
Conjurations   | 2 3 4 5 |  5.5
Spellcasting   | 4 5 6 |  6.2
Translocations | 2 3 |  3.4
Air Magic      | 1 2 4 |  4.1
Poison Magic   | 1 2 3 5 |  5.0
Fighting       | 2 3 |  3.8
Dodging        | |  1.7
Stealth        | |  1.8
Summonings     | |  1.0

Action                   |  1- 3 |  4- 6 |  7- 9 || total
-------------------------+-------+-------+-------++-------
Melee: Dagger            |    40 |    35 |    56 ||   131
       Tailslap          |     2 |     3 |     6 ||    11
 Cast: Magic Dart        |    93 |   158 |   319 ||   570
       Blink             |     2 |       |     6 ||     8
       Mephitic Cloud    |       |     6 |    24 ||    30
  Use: Scroll            |     3 |     4 |     5 ||    12
       Potion            |       |       |     2 ||     2
 Stab: Confused          |       |       |     1 ||     1
Armor: Skin              |    16 |    28 |    47 ||    91
Dodge: Dodged            |    45 |    39 |   103 ||   187

Table legend: (Time is in decaauts)
 A = Elapsed time spent in this place.
 B = Non-inter-level travel time spent in this place.
 C = Inter-level travel time spent in this place.
 D = Time resting spent in this place.
 E = Time spent auto-exploring this place.
 F = Levels seen in this place.
 G = Mean time per level.
                   A        B        C        D        E       F      G
               +--------+--------+--------+--------+--------+-----+--------+
         Total |  10851 |  10738 |    113 |      0 |   8889 |   8 | 1356.4 |
       Dungeon |  10634 |  10558 |     76 |      0 |   8754 |   7 | 1519.1 |
        Temple |    216 |    179 |     37 |      0 |    135 |   1 |  216.0 |
               +--------+--------+--------+--------+--------+-----+--------+

Top non-repeatable levels by time:
     D:3: 2221 daAuts
     D:4: 2176 daAuts
     D:6: 1982 daAuts
     D:5: 1812 daAuts
     D:1: 1316 daAuts
     D:2: 996 daAuts
  Temple: 216 daAuts
     D:7: 128 daAuts
